 Dungeon Crawl Stone Soup version 0.31.0-32-g396128a36d (webtiles) character file.

Game seed: 10048788024998693368

769 Silvore the Cudgeller (level 7, -5/61 HPs)
             Began as a Minotaur Fighter on Mar 12, 2024.
             Slain by Edmund
             ... wielding a +1 flail of protection
              (7 damage)
             ... on level 4 of the Dungeon.
             The game lasted 00:06:31 (3883 turns).

Silvore the Cudgeller (Minotaur Fighter)            Turns: 3883, Time: 00:06:32

Health: -5/61      AC:  8    Str: 22    XL:     7   Next: 52%
Magic:  6/6        EV: 15    Int:  5    God:
Gold:   204        SH:  5    Dex: 10    Spells: 6/6 levels left

rFire   . . .        l - +0 mace
rCold   . . .        c - +0 buckler
rNeg    + . .        b - +0 scale mail
rPois   .            (helmet restricted)
rElec   .            (no cloak)
rCorr   .            (no gloves)
SInv    .            h - +0 pair of boots
Will    .....        (no amulet) Stlth
                     r - ring of positive energy
HPRegen 0.30/turn    k - +5 ring of evasion
MPRegen 0.10/turn

%: no passive effects
@: no status effects
A: horns 2, retaliatory headbutt
a: no special abilities


You were on level 4 of the Dungeon.
You visited 1 branch of the dungeon, and saw 4 of its levels.
You also visited: Sewer.

You collected 204 gold pieces.

Inventory:

Hand Weapons
 a - a +0 flail
 l - a +0 mace (weapon)
Missiles
 p - a throwing net (quivered)
Armour
 b - a +0 scale mail (worn)
 c - a +0 buckler (worn)
 h - a +0 pair of boots (worn)
Jewellery
 j - an amulet of magic regeneration
 k - a +5 ring of evasion (right hand)
 r - a ring of positive energy (left hand)
Wands
 d - a wand of mindburst (14)
Scrolls
 e - 3 scrolls of fear
 i - 3 scrolls of identify
 n - 5 scrolls of teleportation
 q - a scroll of poison {unknown}
Potions
 f - 2 potions of magic
 g - 2 potions of curing
 m - 3 potions of enlightenment
 o - a potion of brilliance
 s - a potion of degeneration {unknown}


   Skills:
 + Level 5.4 Fighting
 + Level 6.5 Maces & Flails
 + Level 6.1 Armour
 + Level 2.6 Dodging
 + Level 0.1 Stealth
 + Level 4.9 Shields


You had 6 spell levels left.
You didn't know any spells.
Your spell library contained the following spells:

 Spells                   Type           Power      Damage    Failure   Level
 Foxfire                  Conj/Fire      0%         2x1d4     83%         1
 Magic Dart               Conj           0%         1d3       83%         1
 Blink                    Tloc           0%         N/A       93%         2
 Call Imp                 Summ           0%         N/A       93%         2
 Inner Flame              Hex/Fire       0%         N/A       99%         3
 Irradiate                Conj/Alch      0%         3d11      100%        5
 Ignition                 Fire           0%         3d3       100%        8


Dungeon Overview and Level Annotations

Branches:
Dungeon (4/15)              Sewer (visited)
 Temple: D:4-7

Altars:

Shops:
D:3 =

Annotations:
D:4 Edmund


Innate Abilities, Weirdness & Mutations

You have a pair of horns on your head.
You reflexively headbutt those who attack you in melee.


Message History

Edmund is heavily wounded.
Edmund hits you with a +1 flail of protection.
You hit Edmund. Your headbutt misses Edmund.
Edmund is severely wounded.
Edmund hits you but does no damage.
You barely miss Edmund.
Edmund is severely wounded.
A gnoll comes into view. It is wielding a +0 spear.
Edmund barely misses you.
The gnoll bouda gazes fiercely through you!
You feel your attacks grow feeble.
Unknown command.
You hit Edmund but do no damage. You headbutt Edmund, but do no damage.
Edmund is severely wounded.
You block Edmund's attack.
You barely miss Edmund. You headbutt Edmund!
Edmund is severely wounded.
Edmund hits you with a +1 flail of protection!
* * * LOW HITPOINT WARNING * * *
You hit Edmund but do no damage. You headbutt Edmund, but do no damage.
Edmund is severely wounded.
Your attacks no longer feel as feeble.
Edmund hits you with a +1 flail of protection.
* * * LOW HITPOINT WARNING * * *
Unknown command.
You sock Edmund! You headbutt Edmund.
Edmund is almost dead.
Edmund hits you with a +1 flail of protection.
* * * LOW HITPOINT WARNING * * *
You closely miss Edmund.
Edmund is almost dead.
Edmund hits you with a +1 flail of protection.
* * * LOW HITPOINT WARNING * * *
Unknown command.
You hit Edmund but do no damage.
Edmund is almost dead.
The gnoll is no longer moving quickly.
Edmund hits you with a +1 flail of protection!
You die...
Edmund whines, "They better pay attention to me now!"

#.(...# ##.#### ##.#
#.# ##### #.##. ...##
##.##. ....# ...##.
#.#.# # #####.
#.#.#######g#.##
.....###.#.##..@@gg...#
#.......##.####g..).#
##..........# ..... #
#....######## .... #.
#.##.# ... #.##.##.#
####### g# ........#
#.....# #
##....#####.....#
##....##........#


You could see Edmund, a gnoll bouda and 3 gnolls.

Vanquished Creatures
  An orc warrior (D:4)
  2 crocodiles (Sewer)
  An ogre (D:4)
  A hound (D:4)
  An orc priest (D:4)
  A bombardier beetle (D:4)
  An iguana (D:4)
  An orc wizard (D:4)
  A sickly merfolk siren (Sewer)
  A malarious merfolk avatar (Sewer)
  9 adders
  3 river rats
  A ribbon worm (D:4)
  A dart slug (D:3)
  13 orcs
  9 endoplasms
  8 giant cockroaches
  6 hobgoblins
  3 jackals (D:1)
  3 kobolds
  8 quokkas
  10 ball pythons
  5 bats (D:1)
  7 frilled lizards
  3 goblins
  27 rats
127 creatures vanquished.

Notes
Turn   | Place    | Note
-------+----------+-------------------------------------------
     0 | D:1      | Silvore the Minotaur Fighter began the quest for the Orb.
     0 | D:1      | Reached XP level 1. HP: 19/19 MP: 0/0
    90 | D:1      | Reached XP level 2. HP: 27/27 MP: 1/1
   532 | D:1      | Reached XP level 3. HP: 33/33 MP: 2/2
   919 | D:2      | Found a faded altar of an unknown god.
   956 | D:2      | Got Plato's Elucidation of Conflict
  1260 | D:2      | Identified the +1 sling of Purpose {freeze, rElec MP+9
                  | Dex+2}
  1694 | D:3      | Found a glowing drain.
  1721 | D:3      | Reached XP level 4. HP: 11/41 MP: 3/3
  1729 | Sewer    | Entered a sewer
  1954 | Sewer    | Reached XP level 5. HP: 28/47 MP: 4/4
  2078 | Sewer    | Reached skill level 5 in Armour
  2091 | Sewer    | Noticed a crocodile
  2106 | Sewer    | Killed a crocodile
  2107 | Sewer    | Reached skill level 1 in Dodging
  2276 | Sewer    | Noticed a crocodile
  2300 | Sewer    | Killed a crocodile
  2301 | Sewer    | Reached skill level 5 in Fighting
  2301 | Sewer    | Reached XP level 6. HP: 42/56 MP: 5/5
  2305 | Sewer    | Reached skill level 5 in Maces & Flails
  2745 | D:3      | Found Micoprow's Jewellery Boutique.
  3235 | D:4      | Noticed an orc warrior
  3280 | D:4      | Killed an orc warrior
  3281 | D:4      | Reached XP level 7. HP: 21/61 MP: 6/6
  3859 | D:4      | Noticed Edmund
  3882 | D:4      | HP: 2/61 [Edmund/+1 flail of protection (4)]
  3883 | D:4      | Slain by Edmund

Illustrated notes

Levels and vault maps discovered:
D:1:      dpeg_arrival_ratfight, layout_basic
D:2:      wander_river, layout_loops_ring, shapermc_ecumenical_altar_rom_forum,
          nicolae_elevator_lobby_plus
D:3:      layout_rooms, serial_shops, nicolae_shop_gaudy_bauble,
          mainiacjoe_sewer_entry_somewhere_in_here_1
D:4:      minmay_chambers_of_fours, layout_loops_cross,
          ebering_ghost_disaster_area, roderic_filled_cross, minmay_quantized,
          uniq_edmund

Skill      XL: |  1  2  3  4  5  6  7 |
---------------+----------------------+-----
Armour         | 4 5 6 |  6.1
Fighting       | 4 5 |  5.4
Shields        | 4 |  4.9
Maces & Flails | 3 4 6 |  6.5
Dodging        | 1 2 |  2.6
Stealth        | |  0.1

Action                     |  1- 3 |  4- 6 |  7- 9 || total
---------------------------+-------+-------+-------++-------
  Melee: Flail             |    74 |       |       ||    74
         Headbutt          |    16 |    18 |    18 ||    52
         Mace              |     9 |   163 |    64 ||   236
    Use: Scroll            |     4 |     4 |       ||     8
         Potion            |       |     2 |       ||     2
 Armour: Scale mail        |    86 |    96 |    24 ||   206
  Dodge: Dodged            |    52 |    90 |    17 ||   159
  Block: Buckler           |    19 |    44 |    11 ||    74
